 Dungeon Crawl Stone Soup version 0.19-a0-1097-g38e3b35 (webtiles) character file.

51 epen the Insei (level 3, 0/26 HPs)
             Began as an Octopode Monk on Aug 8, 2016.
             Was a Follower of Ru.
             Slain by a goblin (6 damage)
             ... led by Robin
             ... on level 3 of the Dungeon.
             The game lasted 00:01:52 (1765 turns).

epen the Insei (Octopode Monk)                      Turns: 1765, Time: 00:01:53

Health: 0/26       AC:  1    Str: 10    XL:     3   Next: 83%
Magic:  3/3        EV: 15    Int: 12    God:    Ru [*.....]
Gold:   48         SH:  0    Dex: 15    Spells: 0 memorised, 2 levels left

rFire  . . .     SeeInvis .       - Unarmed
rCold  . . .     Gourm    .     (no shield)
rNeg   . . .     Faith    .     (helmet restricted)
rPois  .         Spirit   .     (no amulet)
rElec  .         Dismiss  .     (no ring)
rCorr  .         Reflect  .     (no ring)
SustAt .         Harm     .     (no ring)
MR     .....                    (no ring)
Stlth  +++.......               (no ring)
                                (no ring)
                                (no ring)
                                (no ring)

@:
A: almost no armour, amphibious, 8 rings, constrict 8, camouflage 1, gelatinous
body 1, no charms magic, no hexes magic, no poison magic
a: Renounce Religion


You were on level 3 of the Dungeon.
You worshipped Ru.
Ru was aware of your devotion.
You were not hungry.

You visited 1 branch of the dungeon, and saw 3 of its levels.

You collected 48 gold pieces.

Inventory:

Scrolls
 b - 2 scrolls of enchant weapon {unknown}
 c - 3 scrolls of immolation {unknown}
 f - 2 scrolls of identify {unknown}
 h - a scroll of enchant armour {unknown}
 i - 3 scrolls of remove curse {unknown}
 k - a scroll of fog {unknown}
Potions
 d - 2 potions of agility {unknown}
 e - a potion of curing {unknown}
 l - a potion of flight {unknown}
 n - a potion of cure mutation {unknown}
 o - a potion of lignification {unknown}
Comestibles
 a - a bread ration
 g - 3 meat rations
 j - a beef jerky
 m - 4 fruits


   Skills:
 + Level 3.6 Fighting
 + Level 3.5 Dodging
 - Level 2.6 Stealth
 * Level 3.7 Unarmed Combat


You had 2 spell levels left.
You didn't know any spells.

Dungeon Overview and Level Annotations

Branches:
Dungeon (3/15)

Altars:
Ashenzari
Fedhas
Gozag
Kikubaaqudgha
Okawaru
Ru
The Shining One

Annotations:
D:3 Robin


Innate Abilities, Weirdness & Mutations

You cannot wear most types of armour.
You are amphibious.
You can wear up to eight rings at the same time.
You can use your tentacles to constrict eight enemies at once.
Your skin changes colour to match your surroundings (Stealth+).
Your rubbery body absorbs attacks. (AC +1, EV +1)
You cannot study or cast Charms magic.
You cannot study or cast Hexes magic.
You cannot study or cast Poison magic.


Message History

The goblin hits you with a dagger. The goblin closely misses you.
You tentacle-slap the goblin.
You kill the goblin!
The goblin barely misses you.
The goblin unwields an uncursed club.
The goblin wields a hunting sling.
The goblin shoots a stone.
The stone hits you. Robin throws the goblin at you!
* * * LOW HITPOINT WARNING * * *
The goblin closely misses you.
You see here a stone.
Robin flexes a bicep menacingly.
Robin throws the goblin at you!
* * * LOW HITPOINT WARNING * * *
You see here 13 gold pieces.
You are too injured to fight recklessly!
You are too injured to fight recklessly!
The goblin is stunned by your will and fails to attack.
Robin throws the goblin at you!
* * * LOW HITPOINT WARNING * * *
The goblin hits you.
You die...

#.#
#.##.g..ggg.....
#.#
#...gg..!g.g...#
######.#
####g#######....
.......# #$# #
######## #g# #
#g# # #g# # #g# #
#@# # ### # # ###
# #.+ # #.# # #.#
# #.# ### #
####.#####.######


You could see Robin, a hobgoblin and 5 goblins.

Vanquished Creatures
  2 adders
  A dart slug (D:2)
  An orc (D:3)
  2 bats (D:1)
  A giant cockroach (D:1)
  9 goblins
  2 hobgoblins (D:2)
  5 kobolds
  7 rats
30 creatures vanquished.

Notes
Turn   | Place    | Note
-------+----------+-------------------------------------------
     0 | D:1      | epen the Octopode Monk began the quest for the Orb.
     0 | D:1      | Reached XP level 1. HP: 16/16 MP: 1/1
   543 | D:1      | Reached XP level 2. HP: 21/21 MP: 2/2
   847 | D:2      | Found an ancient bone altar of Kikubaaqudgha.
   847 | D:2      | Found an opulent altar of Gozag.
   849 | D:2      | Found a glowing golden altar of the Shining One.
   851 | D:2      | Found a sacrificial altar of Ru.
   852 | D:2      | Found an iron altar of Okawaru.
   865 | D:2      | Became a worshipper of Ru the Awakened
   870 | D:2      | Gained mutation: You cannot study or cast Poison magic. [Ru sacrifice]
   870 | D:2      | Gained mutation: You cannot study or cast Hexes magic. [Ru sacrifice]
   870 | D:2      | Gained mutation: You cannot study or cast Charms magic. [Ru sacrifice]
   870 | D:2      | Reached * piety under Ru
   892 | D:2      | Found a blossoming altar of Fedhas.
   978 | D:2      | Reached XP level 3. HP: 25/26 MP: 3/3
  1317 | D:2      | Found a shattered altar of Ashenzari.
  1750 | D:3      | Noticed Robin
  1765 | D:3      | Slain by a goblin

Vault maps used:
D:1:      grunt_arrival_crossed_arrows
D:2:      nicolae_overflow_crystal_walls, grunt_temple_overflow_open,
          lemuel_statue_altar
D:3:      nicolae_overflow_hidden_temple, minmay_misc_feat_alley,
          kennysheep_generic_room_13, uniq_robin, uniq_sigmund

Action                   || total
-------------------------++-------
Melee: Unarmed           ||    65
       Constrict         ||    19
       Tentacles         ||     9
       Punch             ||     1
Invok: Sacrifice Arcana  ||     1
 Stab: Sleeping          ||     7
       Distracted        ||     1
  Eat: Chunk             ||     3
Armor: Skin              ||     2
Dodge: Dodged            ||    28
